 Dungeon Crawl Stone Soup version 0.22-a0-351-g29664b4 (webtiles) character file.

1774 iamserjio the Nimble (level 9, -2/63 HPs)
             Began as an Octopode Fighter on Apr 13, 2018.
             Was a Follower of Nemelex Xobeh.
             Slain by a bullfrog zombie (3 damage)
             ... on level 6 of the Dungeon.
             The game lasted 00:18:25 (6418 turns).

iamserjio the Nimble (Octopode Fighter)             Turns: 6418, Time: 00:18:25

Health: -2/63      AC:  2    Str: 18    XL:     9   Next: 7%
Magic:  9/10       EV: 16    Int: 11    God:    Nemelex Xobeh [*.....]
Gold:   58         SH:  9    Dex: 14    Spells: 8/8 levels left

rFire    . . .     SeeInvis +   a - +0 war axe
rCold    . . .     Gourm    .   b - +0 shield
rNeg     . . .     Faith    .   (helmet restricted)
rPois    .         Spirit   .   z - amulet of rage
rElec    .         Reflect  .   D - ring of see invisible
rCorr    .         Harm     .   g - +3 ring of strength
MR       .....                  E - +1 ring of protection
Stlth    ++++......             (no ring)
HPRegen  0.20/turn              (no ring)
MPRegen  0.12/turn              (no ring)
                                (no ring)
                                (no ring)

@: no status effects
A: almost no armour, stealthy swim, amphibious, 8 rings, constrict 8, camouflage
1, gelatinous body 1
a: Renounce Religion, Evoke Berserk Rage


You were on level 6 of the Dungeon.
You worshipped Nemelex Xobeh.
Nemelex Xobeh was aware of your devotion.
You were not hungry.

You visited 2 branches of the dungeon, and saw 7 of its levels.

You collected 292 gold pieces.
You spent 234 gold pieces at shops.

Inventory:

Hand Weapons
 a - a +0 war axe (weapon)
 p - a +0 hand axe
 r - a +0 blowgun
Missiles
 f - 193 stones (quivered)
 s - 33 poisoned needles
 u - 4 curare-tipped needles
Armour
 b - a +0 shield (worn)
Jewellery
 g - a +3 ring of strength (right tentacle)
 z - an amulet of rage (around mantle)
 D - a ring of see invisible (left tentacle)
 E - a +1 ring of protection (on tentacle)
Wands
 k - a wand of polymorph (32)
 x - a wand of iceblast (19)
Scrolls
 e - a scroll of remove curse
 i - 4 scrolls of identify
 j - a scroll of immolation
 l - a scroll of noise {unknown}
 n - a scroll of fog {unknown}
 q - a scroll of enchant weapon {unknown}
 t - 2 scrolls of magic mapping {unknown}
 w - a scroll of enchant armour {unknown}
 y - a scroll of blinking {unknown}
Potions
 c - a potion of might
 h - 2 potions of brilliance
 m - a potion of mutation {unknown}
 o - a potion of magic
 v - a potion of flight {unknown}
 A - a potion of ambrosia {unknown}
 B - a potion of berserk rage {unknown}
 C - a potion of lignification {unknown}
Miscellaneous
 G - a plain deck of destruction {drawn: 1}
Comestibles
 d - 11 rations
 F - a chunk of flesh


   Skills:
 * Level 6.6 Fighting
 + Level 2.6 Axes
 * Level 8.3 Dodging
 - Level 6.0 Stealth
 - Level 4.2 Shields
 + Level 1.5 Invocations


You had 8 spell levels left.
You didn't know any spells.

Dungeon Overview and Level Annotations

Branches:
Dungeon (6/15)             Temple (1/1) D:6

Altars:
Cheibriados
Dithmenos
Elyvilon
Fedhas
Gozag
Hepliaklqana
Makhleb
Nemelex Xobeh
Okawaru
Qazlal
Sif Muna
Vehumet
Wu Jian
Xom
Yredelemnul
The Shining One
Lugonu

Shops:
D:6 =

Annotations:
D:3 exclusion: oklob plant, iamserjio's ghost, amateur OpGl


Innate Abilities, Weirdness & Mutations

You cannot wear most types of armour.
You are very stealthy in the water. (Stealth+)
You are amphibious.
You can wear up to eight rings at the same time.
You can use your tentacles to constrict eight enemies at once.
Your skin changes colour to match your surroundings (Stealth+).
Your rubbery body absorbs attacks. (AC +1, EV +1)


Message History

The bullfrog zombie hits you.
* * * LOW HITPOINT WARNING * * *
The ice beast hits you.
* * * LOW HITPOINT WARNING * * *
The ice beast freezes you!
* * * LOW HITPOINT WARNING * * *
Okay, then.
Evoke which item? (* to show all) (? for menu, Esc to quit)
You draw a card...
It is Vitriol.
You have drawn Vitriol.
Press: ? - help, Shift-Dir - straight line, f - ice beast
Aim: an ice beast (almost dead)
The glob of acid hits the ice beast.
The ice beast is splashed with acid.
The acid corrodes the ice beast!
You kill the ice beast!
The bullfrog zombie hits you.
* * * LOW HITPOINT WARNING * * *
The bullfrog zombie hits you.
You die...
Your body disappears without a glow.

.....###'#####....#.. #.......#
.....#.......#....'.. #.......#
.....#.......#....#.. #.......+
.....#.......#....# . +.......#
.....#..####'#....#######
##...##'#................
..#..'..#................
#..#.#..#................
.#.#.####.......@Z.......
#.#.##..##....##'#....... #.#.#
...#....#..#.......
#.#.##...+....#..#....... ..
.#.#.#...#....####....... ..
#..#.#..(#...............# #
..#...####...............########
##.......###+#...........#.......
.....'...#...'...........'.......


You could see a bullfrog zombie.

Vanquished Creatures
  Sigmund (D:2)
  Duvessa (D:5)
  2 ice beasts (D:6)
  A centaur (D:5)
  An ogre (D:4)
  A gnoll sergeant (D:5)
  Dowan (D:5)
  A water moccasin skeleton (D:5)
  3 howler monkeys
  4 crimson imps
  2 hounds
  3 orc priests
  3 orc wizards
  Crazy Yiuf (D:2)
  A bullfrog skeleton (D:5)
  Ijyb (D:5)
  2 iguanas (D:4)
  3 worker ants
  A hound zombie (D:6)
  A worker ant zombie (D:6)
  12 gnolls
  6 adders
  An ooze (D:3)
  2 worms (D:2)
  2 dart slugs
  3 leopard geckos
  11 orcs
  3 ball pythons
  3 bats
  4 giant cockroaches
  6 goblins
  14 hobgoblins
  6 jackals
  8 kobolds
  3 quokkas
  4 frilled lizards
  11 rats
133 creatures vanquished.

Notes
Turn   | Place    | Note
-------+----------+-------------------------------------------
     0 | D:1      | iamserjio the Octopode Fighter began the quest for the Orb.
     0 | D:1      | Reached XP level 1. HP: 16/16 MP: 1/1
    88 | D:1      | Reached XP level 2. HP: 16/21 MP: 2/2
    90 | D:1      | Reached skill level 1 in Stealth
   439 | D:1      | Reached XP level 3. HP: 21/26 MP: 3/3
   661 | D:2      | Noticed Sigmund
   673 | D:2      | Killed Sigmund
   673 | D:2      | Reached skill level 4 in Dodging
   673 | D:2      | Reached XP level 4. HP: 24/33 MP: 4/4
   673 | D:2      | Reached XP level 5. HP: 27/37 MP: 5/5
   910 | D:2      | Found a glowing golden altar of the Shining One.
  1023 | D:2      | Found a runed door.
  1027 | D:2      | Noticed Crazy Yiuf
  1033 | D:2      | Killed Crazy Yiuf
  1033 | D:2      | Reached XP level 6. HP: 32/43 MP: 6/6
  1666 | D:2      | Reached skill level 5 in Stealth
  1726 | D:2      | Found a radiant altar of Vehumet.
  1832 | D:2      | Found a hazy altar of Hepliaklqana.
  1972 | D:3      | Found a faded altar of an unknown god.
  2075 | D:3      | Reached skill level 5 in Dodging
  2624 | D:3      | Found a blossoming altar of Fedhas.
  2645 | D:3      | Noticed an oklob plant
  2737 | D:3      | Found a shadowy altar of Dithmenos.
  2761 | D:3      | Noticed iamserjio's ghost (amateur OpGl)
  2940 | D:3      | Reached XP level 7. HP: 49/49 MP: 7/7
  3036 | D:4      | Found a snail-covered altar of Cheibriados.
  3215 | D:4      | Found an iron altar of Okawaru.
  3228 | D:4      | HP: 2/49 [worker ant (6)]
  3488 | D:4      | Reached skill level 5 in Fighting
  3488 | D:4      | Reached skill level 6 in Dodging
  3923 | D:5      | Entered Level 5 of the Dungeon
  4046 | D:5      | Noticed Dowan
  4060 | D:5      | Killed Dowan
  4060 | D:5      | Reached XP level 8. HP: 49/55 MP: 8/8
  4065 | D:5      | Noticed Ijyb
  4070 | D:5      | Killed Ijyb
  4080 | D:5      | Reached skill level 7 in Dodging
  4494 | D:5      | Found an ornate altar of the Wu Jian Council.
  4644 | D:5      | Noticed Duvessa
  4656 | D:5      | Killed Duvessa
  4964 | D:5      | Found a deep blue altar of Sif Muna.
  5633 | D:6      | Found a staircase to the Ecumenical Temple.
  5644 | Temple   | Entered the Ecumenical Temple
  5670 | Temple   | Became a worshipper of Nemelex Xobeh the Trickster
  5697 | D:6      | Received a gift from Nemelex Xobeh
  5764 | D:6      | Found Jaumioz's Jewellery Boutique.
  5775 | D:6      | Bought an uncursed ring of see invisible for 195 gold pieces
  5775 | D:6      | Bought a +1 ring of protection for 39 gold pieces
  5905 | D:6      | Reached skill level 8 in Dodging
  6183 | D:6      | Reached * piety under Nemelex Xobeh
  6222 | D:6      | Reached skill level 1 in Invocations
  6353 | D:6      | Reached XP level 9. HP: 63/63 MP: 9/9
  6418 | D:6      | HP: 1/63 [bullfrog zombie (5)]
  6418 | D:6      | Slain by a bullfrog zombie

Vault maps used:
D:1:      dpeg_arrival_water_altar
D:2:      old_standard_altar, old_standard_altar, lemuel_round_altar,
          first_ration, uniq_sigmund, uniq_crazy_yiuf_cottage
D:3:      lemuel_doored_altar, tgw_fedhas,
          chequers_ecumenical_altar_simple_redux
D:4:      cheibrodos_greedy_goblins, cheibriados_altar_1,
          okawaru_ov_weapons_minmay, enter_ossuary_5, serial_forest,
          infiniplex_forest_lined_room_3, infiniplex_forest_clump_small,
          infiniplex_forest_lined_room_3, infiniplex_forest_straight_4,
          infiniplex_forest_lined_room_2, infiniplex_forest_zigzag_1,
          infiniplex_forest_lined_room_2
D:5:      old_standard_altar, kennysheep_mini, uniq_duvessa, uniq_ijyb
D:6:      minmay_temple_entry_steel_oval, serial_shops, shop
Temple:   corrupted_temple

Skill      XL: |  1  2  3  4  5  6  7  8 |
---------------+-------------------------+-----
Stealth        | 1 4 5 6 |  6.0
Fighting       | 4 5 6 |  6.6
Dodging        | 4 5 6 8 |  8.3
Shields        | 4 |  4.2
Invocations    | 1 |  1.5
Axes           | |  2.6

Action                   |  1- 3 |  4- 6 |  7- 9 || total
-------------------------+-------+-------+-------++-------
Melee: War axe           |    55 |    88 |   137 ||   280
       Constrict         |    16 |    30 |    34 ||    80
       Tentacles         |     8 |    13 |    37 ||    58
Evoke: Deck              |       |       |     1 ||     1
  Use: Scroll            |       |     2 |     4 ||     6
       Potion            |       |       |     2 ||     2
 Stab: Sleeping          |     3 |    16 |     8 ||    27
       Distracted        |       |       |     1 ||     1
  Eat: Chunk             |       |     6 |     5 ||    11
       Ration            |       |       |     2 ||     2
Armor: Skin              |     4 |     3 |     3 ||    10
Dodge: Dodged            |    25 |    37 |    67 ||   129
Block: Shield            |    23 |    33 |    55 ||   111

Table legend:
 A = Spawn XP
 B = Non-spawn XP
 C = Spawn XP percentage of total XP
 D = Spawn monster count
 E = Non-spawn monster count
 F = Spawn count percentage of total count
 G = Total turns spent on level
                    A         B        C        D         E        F      G
               +---------+---------+-------+---------+---------+-------+---------
         Total |       0 |    2535 |   0.0 |       0 |     133 |   0.0 |  6418
               +---------+---------+-------+---------+---------+-------+---------
           D:1 |       0 |      40 |   0.0 |       0 |      24 |   0.0 |   611
           D:2 |       0 |     374 |   0.0 |       0 |      18 |   0.0 |  1361
           D:3 |       0 |     228 |   0.0 |       0 |      37 |   0.0 |   988
           D:4 |       0 |     417 |   0.0 |       0 |      15 |   0.0 |   963
           D:5 |       0 |     900 |   0.0 |       0 |      26 |   0.0 |  1636
           D:6 |       0 |     576 |   0.0 |       0 |      13 |   0.0 |   818
               +---------+---------+-------+---------+---------+-------+---------
